[Event "Titled Tuesday Blitz February 15 Early 2022"]
[White "Firat, Burak"]
[Black "Osmak, Yuliia"]
[WhiteFideId "6305881"]
[BlackFideId "14101602"]
[WhiteElo "2419"]
[BlackElo "2302"]
[Result "1-0"]
[Round "07"]
[TimeControl "180+1"]
[Date "2022.02.15"]
[WhiteClock "0:02:04"]
[BlackClock "0:00:11"]

1. Nf3 d5 2. c4 dxc4 3. Na3 g6 4. Nxc4 Bg7 5. d3 Nf6 6. g3 O-O 7. Bg2 c6 8. O-O Nbd7 9. Rb1 Nb6 10. Na5 Nbd5 11. Bd2 Rb8 12. b4 a6 13. Qc2 Bd7 14. e4 Nc7 15. d4 Bg4 16. Be3 Nb5 17. Rbd1 Nd7 18. h3 Bxf3 19. Bxf3 e5 20. dxe5 Bxe5 21. Bg4 Bd6 22. a4 Bxb4 23. axb5 Qxa5 24. Rxd7 axb5 25. e5 Rfd8 26. e6 Rxd7 27. exd7 Rd8 28. Bg5 1-0


[Site "https://www.chess.com"]

[Event "Titled Tuesday Blitz February 15 Early 2022"]
[White "Gabdrakhmanov, Azat"]
[Black "Karabalis, Harilos"]
[WhiteFideId "34189197"]
[BlackFideId "4621808"]
[WhiteElo "2279"]
[BlackElo "2168"]
[Result "1-0"]
[Round "07"]
[TimeControl "180+1"]
[Date "2022.02.15"]
[WhiteClock "0:00:17"]
[BlackClock "0:00:04"]

1. e4 e6 2. d4 d5 3. e5 c5 4. c3 Nc6 5. Nf3 Bd7 6. a3 c4 7. Nbd2 Na5 8. g3 Ne7 9. Bg2 Nc8 10. O-O Nb6 11. Re1 Be7 12. Qe2 Ba4 13. Nf1 Qd7 14. Ne3 h6 15. Rb1 Bb3 16. Nd2 O-O-O 17. f4 g6 18. Nf3 Kb8 19. Bd2 Rdg8 20. Rf1 Qd8 21. Rbe1 Na4 22. Bc1 h5 23. Ng5 Qe8 24. Rf2 h4 25. g4 h3 26. Bh1 Rh4 27. Nf3 Rgh8 28. Ref1 R4h7 29. Ng5 Rh4 30. Qf3 Nc6 31. Qg3 Nd8 32. Nf3 Nb6 33. Re2 R4h7 34. g5 Nc6 35. Ng4 Qd8 36. Nh6 Qf8 37. Qxh3 Qg7 38. Qg3 a5 39. Bg2 a4 40. Ref2 Nd8 41. Be3 Qf8 42. h3 Qe8 43. Ng4 Qf8 44. Nf6 Rg7 45. Nh2 Bxa3 46. bxa3 Qxa3 47. h4 Qe7 48. Bc1 a3 49. h5 gxh5 50. f5 h4 51. Qh3 exf5 52. Rxf5 Qe6 53. R5f2 a2 54. Ba3 Qxh3 55. Bxh3 Ne6 56. Bd6+ Kc8 57. Bxe6+ fxe6 58. Nhg4 h3 59. Kh2 Rxg5 60. Bb4 Na4 61. Ra1 Rf5 62. Rfxa2 Bxa2 63. Rxa2 Rf3 64. Rxa4 Kc7 65. Ra2 Rg3 66. Bd6+ Kc6 67. Kxg3 h2 68. Rxh2 1-0


[Site "https://www.chess.com"]

[Event "Titled Tuesday Blitz February 15 Early 2022"]
[White "Galchenko, Matvey"]
[Black "Rustemov, Alexander"]
[WhiteFideId "24175480"]
[BlackFideId "4119002"]
[WhiteElo "2453"]
[BlackElo "2793"]
[Result "0-1"]
[Round "07"]
[TimeControl "180+1"]
[Date "2022.02.15"]
[WhiteClock "0:00:04"]
[BlackClock "0:00:09"]

1. c4 e6 2. Nf3 d5 3. b3 d4 4. e3 c5 5. exd4 cxd4 6. g3 Nc6 7. Bg2 Bd6 8. d3 e5 9. O-O Nf6 10. Ba3 O-O 11. Bxd6 Qxd6 12. Re1 Bf5 13. a3 a5 14. Nh4 Bg4 15. Qc2 Nd7 16. Nd2 f5 17. Nhf3 Rae8 18. Ng5 Qg6 19. Ngf3 e4 20. dxe4 f4 21. b4 Nde5 22. Nh4 Qf6 23. b5 d3 24. Qa2 Nd4 25. Nf5 Nc2 26. c5+ Kh8 27. gxf4 Ng6 28. Rac1 Nxf4 29. Rf1 Ne2+ 30. Kh1 Nxc1 31. Rxc1 Bxf5 32. exf5 Qxf5 33. Qd5 Qxf2 34. Nf1 Ne3 35. Qxb7 d2 36. Nxd2 Qxd2 37. Rg1 Nxg2 38. b6 Re1 39. Qxg2 Rxg1+ 40. Qxg1 Qd5+ 41. Qg2 Rf1# 0-1


[Site "https://www.chess.com"]

[Event "Titled Tuesday Blitz February 15 Early 2022"]
[White "Galyas, Miklos"]
[Black "Rosenberg, Evan S"]
[WhiteFideId "707244"]
[BlackFideId "2019299"]
[WhiteElo "2409"]
[BlackElo "2353"]
[Result "1-0"]
[Round "07"]
[TimeControl "180+1"]
[Date "2022.02.15"]
[WhiteClock "0:01:58"]
[BlackClock "0:00:02"]

1. c4 e5 2. Nc3 Bb4 3. e4 Bxc3 4. dxc3 d6 5. Ne2 Nc6 6. Ng3 Nge7 7. Bd3 O-O 8. O-O f5 9. f4 exf4 10. Bxf4 Ne5 11. Bxe5 dxe5 12. exf5 Qd6 13. Kh1 a5 14. Be4 Ra6 15. Qc2 Qh6 16. Rad1 Rd6 17. Rxd6 cxd6 18. Qd3 g6 19. f6 Nf5 20. Nxf5 gxf5 21. Bxf5 Bxf5 22. Qxf5 Qg6 23. Qxg6+ hxg6 24. h4 Kf7 25. Kh2 Ke6 26. g4 Rxf6 27. Rxf6+ Kxf6 28. Kg3 a4 29. Kf3 g5 30. h5 b5 1-0


[Site "https://www.chess.com"]

[Event "Titled Tuesday Blitz February 15 Early 2022"]
[White "Garagulya, Konstantin"]
[Black "Seo, Jung Min"]
[WhiteFideId "4128931"]
[BlackFideId "1734687"]
[WhiteElo "2489"]
[BlackElo "2717"]
[Result "1/2-1/2"]
[Round "07"]
[TimeControl "180+1"]
[Date "2022.02.15"]
[WhiteClock "0:00:29"]
[BlackClock "0:00:36"]

1. d4 Nf6 2. Nf3 g6 3. Nc3 d5 4. Bf4 Bg7 5. e3 a6 6. Bd3 Bg4 7. h3 Bxf3 8. Qxf3 e6 9. g4 Nbd7 10. Qg3 c5 11. Bd6 cxd4 12. exd4 Bf8 13. Bxf8 Kxf8 14. Ne2 Rc8 15. O-O h5 16. Kg2 Qb6 17. Rab1 Qa5 18. a3 Kg7 19. Nf4 hxg4 20. hxg4 Qb6 21. c3 e5 22. dxe5 Nxe5 23. Nh5+ gxh5 24. Qxe5 hxg4 25. Rh1 Rh3 26. Qg5+ Kf8 27. Bf5 Rc4 28. Rxh3 gxh3+ 29. Bxh3 Qxf2+ 30. Kxf2 Ne4+ 31. Ke3 Nxg5 32. Bg2 Rc5 33. Rd1 Ne4 34. Bxe4 dxe4 35. Kxe4 Ke7 36. Kd4 Rc8 37. Re1+ Kf8 38. c4 Rc6 39. b4 Rh6 40. c5 Rh3 41. a4 Rh4+ 42. Kc3 Rh3+ 43. Kc4 Rh4+ 44. Kc3 Rh3+ 45. Kc4 Rh4+ 46. Kc3 1/2-1/2


[Site "https://www.chess.com"]

[Event "Titled Tuesday Blitz February 15 Early 2022"]
[White "Gatterer, Florian"]
[Black "Brodowski, Piotr"]
[WhiteFideId "811688"]
[BlackFideId "1124480"]
[WhiteElo "2218"]
[BlackElo "2422"]
[Result "1-0"]
[Round "07"]
[TimeControl "180+1"]
[Date "2022.02.15"]
[WhiteClock "0:00:06"]
[BlackClock "0:00:04"]

1. Nf3 d5 2. d4 Kd7 3. g3 Qe8 4. Bg2 Kd8 5. O-O c6 6. c4 e6 7. Nc3 Nf6 8. Bg5 Be7 9. Bxf6 gxf6 10. e4 dxe4 11. Nxe4 f5 12. Nc3 Qd7 13. d5 f6 14. dxe6 Qxd1 15. Raxd1+ Kc7 16. Nd4 Na6 17. a3 Nc5 18. Nxf5 Re8 19. b4 Nxe6 20. Nxe7 Rxe7 21. Rfe1 Bd7 22. Ne4 Rf8 23. f4 b6 24. Nd6 Rg7 25. Kh1 Rfg8 26. Bh3 Nd8 27. Bxd7 Rxd7 28. Nf5 Rxd1 29. Rxd1 Re8 30. Rd2 Re4 31. Rd4 Re2 32. Rd3 Rc2 33. Re3 Rxc4 34. Re7+ Kb8 35. Rxh7 c5 36. bxc5 bxc5 37. Nd6 Rd4 38. Nb5 Rd2 39. Nxa7 c4 40. Nb5 Ne6 41. Rh6 Nc5 42. Rxf6 Ne4 43. Re6 c3 44. Rxe4 c2 45. Rc4 c1=Q+ 46. Rxc1 Rb2 47. Nc3 Rb3 48. f5 Kc7 49. f6 Kd7 50. f7 Ke7 51. Rf1 Kf8 52. Nd5 Rd3 53. Nc7 Rd6 54. a4 Rc6 55. Nd5 Rd6 56. Ne3 Re6 57. Ng4 Rg6 58. a5 Rxg4 59. Rf4 Rg5 60. Ra4 Kxf7 61. a6 Rg8 62. a7 Ra8 63. Ra6 Ke7 64. Kg2 1-0


[Site "https://www.chess.com"]

[Event "Titled Tuesday Blitz February 15 Early 2022"]
[White "Glidzhain, Gor"]
[Black "Timofeev, Artyom"]
[WhiteFideId "24109932"]
[BlackFideId "4140419"]
[WhiteElo "2229"]
[BlackElo "2583"]
[Result "1-0"]
[Round "07"]
[TimeControl "180+1"]
[Date "2022.02.15"]
[WhiteClock "0:01:41"]
[BlackClock "0:01:37"]

1. e4 c5 2. Nf3 Nc6 3. Bb5 d6 4. O-O Bd7 5. c3 a6 6. Ba4 Nf6 7. Re1 b5 8. Bc2 Bg4 9. h3 Bxf3 10. Qxf3 g6 11. a4 b4 12. a5 Nd7 13. Ba4 Nce5 14. Qg3 bxc3 15. bxc3 Bg7 16. d4 Nc4 17. Qd3 Nxa5 18. Bxd7+ Kxd7 19. e5 Nb3 20. Rxa6 Rxa6 21. Qxa6 Nxc1 22. exd6 exd6 23. Qb7+ Qc7 24. Re7+ Kxe7 25. Qxc7+ Ke6 26. d5+ Kf5 27. Qxf7+ Bf6 28. g4+ Kg5 29. f4+ Kh4 30. Qxf6+ Kg3 31. Qxh8 1-0


[Site "https://www.chess.com"]

[Event "Titled Tuesday Blitz February 15 Early 2022"]
[White "Golsta, Madara"]
[Black "Chincholimath, Halsagar"]
[WhiteFideId "11607386"]
[BlackFideId "5022487"]
[WhiteElo "1997"]
[BlackElo "1737"]
[Result "0-1"]
[Round "07"]
[TimeControl "180+1"]
[Date "2022.02.15"]
[WhiteClock "0:00:01"]
[BlackClock "0:01:04"]

1. e4 c6 2. d4 d5 3. exd5 cxd5 4. c4 Nf6 5. Nc3 Nc6 6. Nf3 Bg4 7. Be3 e6 8. c5 Be7 9. Bb5 O-O 10. h3 Bh5 11. Bxc6 bxc6 12. g4 Bg6 13. Ne5 Qc8 14. Qa4 Nd7 15. Nxc6 Bh4 16. Bf4 Bc2 17. Qxc2 Qxc6 18. b4 a6 19. O-O e5 20. dxe5 d4 21. Qe4 Qe6 22. Qxd4 h5 23. Bg3 Bxg3 24. fxg3 Nxe5 25. Rae1 Nf3+ 26. Rxf3 Qxe1+ 27. Kg2 hxg4 28. hxg4 Rad8 29. Qe3 Rd2+ 30. Kh3 Qh1# 0-1


[Site "https://www.chess.com"]

[Event "Titled Tuesday Blitz February 15 Early 2022"]
[White "Goltsev, Dmitry"]
[Black "Matinian, Nikita"]
[WhiteFideId "24176710"]
[BlackFideId "24129100"]
[WhiteElo "2494"]
[BlackElo "2720"]
[Result "1-0"]
[Round "07"]
[TimeControl "180+1"]
[Date "2022.02.15"]
[WhiteClock "0:01:22"]
[BlackClock "0:00:18"]

1. e4 c5 2. Nf3 d6 3. d4 cxd4 4. Nxd4 Nf6 5. Nc3 g6 6. Be2 Bg7 7. O-O O-O 8. f4 Nc6 9. Be3 Ng4 10. Bxg4 Bxd4 11. Bxd4 Bxg4 12. Qd2 Nxd4 13. Qxd4 Rc8 14. h3 Bd7 15. Rad1 Re8 16. f5 Qb6 17. Qxb6 axb6 18. f6 Bc6 19. fxe7 Rxe7 20. Rxd6 Bxe4 21. Nxe4 Rxe4 22. Rf2 Re1+ 23. Kh2 Rc7 24. Rxb6 Rd7 25. a4 h5 26. a5 Kg7 27. h4 f5 28. b4 Rb1 29. b5 Re7 30. c4 Re4 31. Rxb7+ Kh6 32. g3 Rxc4 33. a6 Ra4 34. Rc2 Raa1 35. Kg2 Rg1+ 36. Kf3 Ra3+ 37. Kf4 Rgxg3 38. Rcc7 Rg4+ 39. Ke5 Rxh4 40. Kf6 1-0


[Site "https://www.chess.com"]

[Event "Titled Tuesday Blitz February 15 Early 2022"]
[White "Golubenko, Valentina"]
[Black "Kuzmin, Roman"]
[WhiteFideId "4501993"]
[BlackFideId "44134932"]
[WhiteElo "2164"]
[BlackElo "1978"]
[Result "1-0"]
[Round "07"]
[TimeControl "180+1"]
[Date "2022.02.15"]
[WhiteClock "0:00:23"]
[BlackClock "0:00:04"]

1. d4 d5 2. g3 Nf6 3. Bg2 e6 4. c4 Be7 5. Nc3 O-O 6. Nf3 Nbd7 7. O-O c6 8. b3 b6 9. Qc2 Bb7 10. e4 dxe4 11. Nxe4 c5 12. Nfg5 Qc8 13. dxc5 bxc5 14. Bb2 g6 15. Rad1 h6 16. Nxe6 Bxe4 17. Bxe4 fxe6 18. Bxa8 Kf7 19. Bg2 h5 20. h4 Rg8 21. Rfe1 g5 22. hxg5 Rxg5 23. Qe2 Nf8 24. Qe3 Rg7 25. Bf3 h4 26. Bg2 hxg3 27. fxg3 Qc7 28. Be5 Qa5 29. Rf1 Qxa2 30. Rd2 Qa5 31. Qf4 Nh7 32. Be4 1-0


[Site "https://www.chess.com"]

[Event "Titled Tuesday Blitz February 15 Early 2022"]
[White "Gontcharov, Vladislav"]
[Black "Tay, Junior"]
[WhiteFideId "4123492"]
[BlackFideId "5800439"]
[WhiteElo "2503"]
[BlackElo "2216"]
[Result "1-0"]
[Round "07"]
[TimeControl "180+1"]
[Date "2022.02.15"]
[WhiteClock "0:00:06"]
[BlackClock "0:00:29"]

1. e4 e5 2. Nf3 Nf6 3. Nxe5 Nc6 4. Nxc6 dxc6 5. Nc3 Bc5 6. h3 Be6 7. d3 Qd6 8. Qf3 O-O-O 9. Bf4 Qd7 10. a3 Bd4 11. Be2 h5 12. O-O-O c5 13. Be3 Qc6 14. Nb1 Nd7 15. c3 Ne5 16. Qg3 h4 17. Qf4 g5 18. Qh2 Ng6 19. Bxg5 Be5 20. f4 f6 21. fxe5 fxg5 22. Rhf1 Nf4 23. Rxf4 gxf4 24. Qxf4 Rdf8 25. Qe3 b6 26. Nd2 Qd7 27. Nf3 Qg7 28. Rg1 Qg3 29. d4 cxd4 30. cxd4 Qf4 31. Kd2 Rhg8 32. Qxf4 Rxf4 33. Ke3 Rff8 34. Nxh4 Bxh3 35. g4 Rh8 36. Ng6 Rhg8 37. Nxf8 Rxf8 38. Rg3 Rh8 39. g5 Be6 40. d5 Bg8 41. g6 Kd8 42. Bg4 Ke7 43. Bf5 Rh2 44. Kf4 Rxb2 45. Rh3 Rg2 46. Rh8 Kf8 47. Be6 Rxg6 48. Bxg8 Rxg8 49. Rxg8+ Kxg8 50. Kf5 b5 51. Ke6 a5 52. Kd7 b4 53. e6 bxa3 54. e7 a2 55. e8=Q+ Kg7 56. Qe5+ Kg6 57. Qa1 1-0


[Site "https://www.chess.com"]

[Event "Titled Tuesday Blitz February 15 Early 2022"]
[White "Gracia Alvarez, Gerardo Antonio"]
[Black "Sargsyan, Anna M."]
[WhiteFideId "5109124"]
[BlackFideId "13308130"]
[WhiteElo "2139"]
[BlackElo "2271"]
[Result "0-1"]
[Round "07"]
[TimeControl "180+1"]
[Date "2022.02.15"]
[WhiteClock "0:00:05"]
[BlackClock "0:00:22"]

1. e4 c6 2. c4 d5 3. cxd5 cxd5 4. exd5 Nf6 5. Qa4+ Nbd7 6. Nc3 g6 7. Bc4 Bg7 8. d3 O-O 9. Nf3 a6 10. Qa3 b6 11. O-O Bb7 12. Re1 Re8 13. Qb4 Rc8 14. a4 Nc5 15. d4 a5 16. Qa3 Nce4 17. Nxe4 Rxc4 18. Nxf6+ Bxf6 19. Be3 Qxd5 20. Rac1 Rec8 21. Rxc4 Rxc4 22. Qb3 Kg7 23. Qxb6 Rxa4 24. Rc1 Rb4 25. Qc5 Qxc5 26. dxc5 Bc6 27. Bd2 Rxb2 28. Bxa5 e5 29. Bc3 Re2 30. Re1 Rxe1+ 31. Nxe1 e4 32. Bxf6+ Kxf6 33. Nc2 Ke5 34. Nb4 Bb5 35. f4+ Kxf4 36. c6 Ke5 37. c7 Bd7 38. Kf2 Kd6 39. Ke3 f5 40. g4 Kxc7 41. gxf5 gxf5 42. Nd5+ Kd6 43. Nf6 Bb5 44. Kf4 h6 45. Kxf5 e3 46. Ne4+ Kd5 47. Nc3+ Kc4 48. Ne2 Kd3 49. Nf4+ Kd4 50. h4 Be8 51. Ne2+ Kd3 52. Nf4+ Kd2 53. Ke4 Bc6+ 54. Kd4 Bf3 55. Ke5 h5 56. Kf5 e2 57. Nxe2 Kxe2 58. Kf4 Bg4 59. Kg5 Ke3 60. Kf6 Kf3 61. Kg6 Kg3 62. Kg5 Kh3 63. Kf4 Kxh4 64. Ke3 Kg3 0-1


[Site "https://www.chess.com"]

[Event "Titled Tuesday Blitz February 15 Early 2022"]
[White "Grischuk, Alexander"]
[Black "Abdrlauf, Elham"]
[WhiteFideId "4126025"]
[BlackFideId "1533533"]
[WhiteElo "2762"]
[BlackElo "2334"]
[Result "1-0"]
[Round "07"]
[TimeControl "180+1"]
[Date "2022.02.15"]
[WhiteClock "0:00:05"]
[BlackClock "0:00:03"]

1. e4 c6 2. d4 d5 3. e5 c5 4. Nf3 cxd4 5. Qxd4 Nc6 6. Qf4 g6 7. Nc3 e6 8. Bd3 a6 9. O-O Bg7 10. Re1 Nge7 11. h4 O-O 12. h5 Nf5 13. Bxf5 exf5 14. h6 Bh8 15. Be3 Re8 16. Bc5 Be6 17. Rad1 Rc8 18. Bd6 f6 19. exf6 Qxf6 20. Nxd5 Bxd5 21. Rxe8+ Rxe8 22. Rxd5 Qxb2 23. Bc5 Ne5 24. g3 Qxa2 25. Rd2 Qa5 26. Be3 Nxf3+ 27. Qxf3 Qb5 28. Kg2 Qc6 29. Qxc6 bxc6 30. Rd7 Ra8 31. Bc5 a5 32. Rc7 a4 33. Ba3 Bf6 34. f4 1-0


[Site "https://www.chess.com"]

[Event "Titled Tuesday Blitz February 15 Early 2022"]
[White "Gulatz, Maurice"]
[Black "Agasarov, Benik"]
[WhiteFideId "24642746"]
[BlackFideId "13314823"]
[WhiteElo "2150"]
[BlackElo "2598"]
[Result "0-1"]
[Round "07"]
[TimeControl "180+1"]
[Date "2022.02.15"]
[WhiteClock "0:00:21"]
[BlackClock "0:00:12"]

1. d4 Nf6 2. c4 e6 3. Nf3 d5 4. g3 Be7 5. Bg2 O-O 6. O-O dxc4 7. Qc2 a6 8. a4 Bd7 9. Rd1 Bc6 10. Nc3 Nbd7 11. e4 b5 12. d5 exd5 13. exd5 Bb7 14. axb5 axb5 15. Rxa8 Qxa8 16. Nxb5 Nxd5 17. Qxc4 N7b6 18. Qc2 Nb4 19. Qe2 Bd8 20. Be3 Qa4 21. Nc3 Qa6 22. Bc5 Qxe2 23. Nxe2 Re8 24. Bxb4 Bf6 25. Nc3 h5 26. Nd4 Bxg2 27. Kxg2 Nc4 28. b3 Ne5 29. Nd5 Bd8 30. Re1 Bf6 31. Nc6 Re6 32. Nxf6+ gxf6 33. Nxe5 fxe5 34. Bc5 f6 35. b4 Kf7 36. Kf3 f5 37. Ke3 Ra6 38. Rd1 Ke6 39. Rd2 Ra3+ 40. Ke2 e4 41. Be3 Rb3 42. Rc2 Rxb4 43. Rxc7 Rb2+ 44. Rc2 Rxc2+ 45. Kf1 h4 46. gxh4 Kf6 47. Bf4 Kg6 48. Kg2 Kh5 49. Kg3 Rc3+ 50. Be3 Rc6 51. Kf4 Rf6 52. Ke5 Rf8 53. Bg5 Kg4 54. Kd4 Re8 55. Ke3 Ra8 56. Kd4 Ra3 57. Be3 Kxh4 58. Ke5 Ra5+ 59. Kf4 Kh5 60. Bc1 Kg6 61. Be3 Rd5 62. h4 Rb5 63. Kg3 Kh5 64. Kf4 Kxh4 65. Bd2 Kh5 66. Be3 Kg6 67. Bd2 Rb2 68. Be3 Re2 69. Kg3 Re1 70. Kf4 Rg1 71. Bd4 Rg4+ 72. Ke5 Rg2 73. Be3 Rh2 74. Kf4 Rh5 75. Ke5 Rh4 76. Bf4 Rg4 77. Be3 Rg2 78. Kf4 Kf6 79. Bd4+ Ke6 80. Be3 Rg4# 0-1


[Site "https://www.chess.com"]

[Event "Titled Tuesday Blitz February 15 Early 2022"]
[White "Hakemi, Arman"]
[Black "Matlakov, Maxim"]
[WhiteFideId "22520805"]
[BlackFideId "4168003"]
[WhiteElo "2639"]
[BlackElo "2822"]
[Result "0-1"]
[Round "07"]
[TimeControl "180+1"]
[Date "2022.02.15"]
[WhiteClock "0:00:06"]
[BlackClock "0:00:10"]

1. e4 c5 2. Nf3 d6 3. d4 cxd4 4. Nxd4 Nf6 5. Nc3 Nc6 6. Bg5 g6 7. Qd2 Bg7 8. O-O-O O-O 9. Nxc6 bxc6 10. e5 Nd5 11. Nxd5 cxd5 12. exd6 Rb8 13. c3 Qxd6 14. Qxd5 Qb6 15. Qb3 Qc7 16. Qc4 Qa5 17. Rd5 Qb6 18. Rb5 Qd6 19. Rxb8 Qxb8 20. Qb4 Qe5 21. Be3 Bf5 22. Be2 Rb8 23. Qf4 Rxb2 24. Qxe5 Rc2+ 25. Kd1 Bxe5 26. g4 Be4 27. f3 Rxc3 28. Kd2 Rc2+ 29. Kd1 Rc3 30. Kd2 Bd5 31. Rb1 Ra3 32. Rb5 Rxa2+ 33. Kd3 Ra3+ 34. Kd2 Ra2+ 35. Kd3 e6 36. Rc5 Kg7 37. f4 Ra3+ 38. Kd2 Ba1 39. Rc1 Ra2+ 40. Ke1 Bb2 41. Rc2 Bf6 42. Rc7 Bh4+ 43. Bf2 Ra1+ 44. Kd2 Bxf2 45. Bb5 Ra2+ 46. Kd3 Bb6 47. Rb7 Ra3+ 48. Kd2 Rf3 49. Be8 Rxf4 50. g5 Kf8 51. Rb8 Kg7 52. h4 Rxh4 53. Bb5 Rd4+ 54. Kc3 Rf4 55. Be8 Rf5 0-1


[Site "https://www.chess.com"]

[Event "Titled Tuesday Blitz February 15 Early 2022"]
[White "Hamley, Ryan"]
[Black "Steenbekkers, Franck"]
[WhiteFideId "30959497"]
[BlackFideId "1004220"]
[WhiteElo "2389"]
[BlackElo "2139"]
[Result "1-0"]
[Round "07"]
[TimeControl "180+1"]
[Date "2022.02.15"]
[WhiteClock "0:00:11"]
[BlackClock "0:00:44"]

1. e4 e6 2. d4 d5 3. Nd2 Nf6 4. e5 Nfd7 5. c3 c5 6. Bd3 Nc6 7. Ne2 cxd4 8. cxd4 f6 9. exf6 Nxf6 10. O-O Bd6 11. Nf3 Qc7 12. Bg5 O-O 13. Rc1 Bd7 14. a3 Ng4 15. h3 Rxf3 16. gxf3 Nh2 17. Kg2 Nxf1 18. Qxf1 Rf8 19. Qd1 Qb6 20. b4 e5 21. Be3 Qd8 22. dxe5 Nxe5 23. Ng1 Qh4 24. Bf1 Nxf3 25. Qxd5+ Kh8 26. Qxd6 Bxh3+ 27. Nxh3 Qg4+ 28. Qg3 Nh4+ 29. Kh1 Qe4+ 30. Bg2 1-0


[Site "https://www.chess.com"]

[Event "Titled Tuesday Blitz February 15 Early 2022"]
[White "Hansen, Eric"]
[Black "Safarli, Eltaj"]
[WhiteFideId "2606771"]
[BlackFideId "13402129"]
[WhiteElo "2568"]
[BlackElo "2634"]
[Result "1/2-1/2"]
[Round "07"]
[TimeControl "180+1"]
[Date "2022.02.15"]
[WhiteClock "0:00:04"]
[BlackClock "0:00:04"]

1. e4 c5 2. Nf3 Nc6 3. Bb5 g6 4. Bxc6 dxc6 5. h3 Bg7 6. O-O Nf6 7. d3 Nd7 8. Nc3 e5 9. a3 O-O 10. b4 Qe7 11. bxc5 Nxc5 12. a4 Rd8 13. Ba3 Bf8 14. Qc1 f6 15. Qe3 b6 16. a5 Qc7 17. Rfb1 Be6 18. Ne2 Bf7 19. Ng3 Rab8 20. Nh2 h5 21. Nf3 Kg7 22. d4 exd4 23. Nxd4 Ne6 24. axb6 axb6 25. Bxf8+ Rxf8 26. Ra6 Nxd4 27. Qxd4 c5 28. Qb2 Rfd8 29. h4 Rd2 30. Qc3 Qf4 31. Qf3 Qxf3 32. gxf3 Rxc2 33. Rbxb6 Rxb6 34. Rxb6 c4 35. Rb7 c3 36. Rc7 Rc1+ 37. Kg2 Rc2 38. Nf1 Kf8 39. Rc8+ Ke7 40. Rc7+ Ke8 41. Ne3 Rc1 42. Rc6 Ke7 43. Rc7+ Ke8 44. f4 Bb3 45. Nd5 Bxd5 46. exd5 c2 47. Kf3 Rd1 48. Rxc2 Rxd5 49. Rc6 Ke7 50. Kg3 Rd6 51. Rc7+ Ke6 52. Rc5 Rd3+ 53. f3 Rd6 54. f5+ gxf5 55. Kf4 Rd4+ 56. Kg3 Rd5 57. Rc6+ Ke5 58. f4+ Ke4 59. Re6+ Kd3 60. Rxf6 Ra5 61. Kf3 Kd4 62. Re6 Ra3+ 63. Kf2 Ra2+ 64. Kf3 Ra3+ 65. Kf2 Ra2+ 66. Kf3 Ra3+ 1/2-1/2


[Site "https://www.chess.com"]

[Event "Titled Tuesday Blitz February 15 Early 2022"]
[White "Harish, Neeraj"]
[Black "Krstulovic, Alex"]
[WhiteFideId "30958130"]
[BlackFideId "760056"]
[WhiteElo "1545"]
[BlackElo "2193"]
[Result "0-1"]
[Round "07"]
[TimeControl "180+1"]
[Date "2022.02.15"]
[WhiteClock "0:01:07"]
[BlackClock "0:01:43"]

1. e4 c5 2. Nf3 e6 3. d4 cxd4 4. Nxd4 Nf6 5. Nc3 Nc6 6. Ndb5 Bc5 7. Nd6+ Ke7 8. Bf4 e5 9. Nf5+ Kf8 10. Bg5 d6 11. Ne3 Be6 12. Ncd5 Qa5+ 13. c3 Nxe4 14. b4 Nxb4 15. Nc4 Bxf2+ 16. Ke2 Qxd5 17. Qxd5 Bxd5 18. cxb4 Bxc4+ 19. Kf3 Nxg5+ 20. Kxf2 Bxf1 21. Rhxf1 Rc8 0-1


[Site "https://www.chess.com"]

[Event "Titled Tuesday Blitz February 15 Early 2022"]
[White "Jaferian, Koosha"]
[Black "Arngrimsson, Dagur"]
[WhiteFideId "12507440"]
[BlackFideId "2301288"]
[WhiteElo "2027"]
[BlackElo "2286"]
[Result "1-0"]
[Round "07"]
[TimeControl "180+1"]
[Date "2022.02.15"]
[WhiteClock "0:00:42"]
[BlackClock "0:00:12"]

1. Nf3 Nf6 2. b3 g6 3. Bb2 Bg7 4. g3 O-O 5. Bg2 d5 6. c4 b6 7. O-O Bb7 8. cxd5 Nxd5 9. Bxg7 Kxg7 10. d4 Nd7 11. Nbd2 c5 12. e4 Nc3 13. Qc2 Ne2+ 14. Kh1 Nxd4 15. Qb2 Nf6 16. e5 Ne8 17. Rad1 Nc7 18. Nxd4 Bxg2+ 19. Kxg2 Qxd4 20. Qxd4 cxd4 21. Nf3 Nb5 22. Nxd4 Nc3 23. Rd2 Rfd8 24. Rc1 Rxd4 25. Rxd4 Ne2 26. Rcd1 Nxd4 27. Rxd4 a5 28. Rd7 e6 29. Rb7 Rc8 30. Rxb6 Rc2 31. a4 g5 32. g4 Rc3 33. Rb5 Kg6 34. Rxa5 Rxb3 35. Rb5 Ra3 36. a5 h5 37. h3 hxg4 38. hxg4 f5 39. exf6 Kxf6 40. Rc5 e5 41. Rc6+ Ke7 42. a6 Kd7 43. Rg6 e4 44. a7 Kc7 45. Rxg5 Kb7 46. Rg7+ Ka8 47. Re7 Ra4 48. g5 e3 49. Rxe3 Kxa7 50. Rg3 Rf4 51. g6 Rf8 52. g7 Rg8 53. f4 Kb8 54. f5 Kc7 55. f6 1-0


[Site "https://www.chess.com"]

[Event "Titled Tuesday Blitz February 15 Early 2022"]
[White "Jain Kashish Manoj"]
[Black "Kostiukov, Alexandr"]
[WhiteFideId "35081098"]
[BlackFideId "14108100"]
[WhiteElo "1681"]
[BlackElo "2202"]
[Result "1-0"]
[Round "07"]
[TimeControl "180+1"]
[Date "2022.02.15"]
[WhiteClock "0:00:05"]
[BlackClock "0:00:01"]

1. d4 g6 2. Nf3 Bg7 3. e4 c5 4. c3 cxd4 5. cxd4 d5 6. e5 Nc6 7. h3 Nh6 8. Nc3 O-O 9. Bd3 Nf5 10. Bc2 e6 11. O-O Nh4 12. Nxh4 Qxh4 13. f4 Bd7 14. Be3 f6 15. Ba4 fxe5 16. dxe5 Rad8 17. Ne2 Nxe5 18. Bf2 Bxa4 19. Bxh4 Bxd1 20. Raxd1 Nc4 21. Bxd8 Rxd8 22. b3 Ne3 23. Rc1 Nxf1 24. Kxf1 Rd7 25. Rc8+ Kf7 26. Nc1 Bd4 27. Nd3 Ke7 28. Ke2 Kd6 29. g4 Rc7 30. Rd8+ Ke7 31. Rb8 Kd6 32. Kd2 a6 33. Rd8+ Ke7 34. Rb8 Ba7 35. Rh8 Kd6 36. Ne5 Bd4 37. Rd8+ Ke7 38. Rh8 Kf6 39. g5+ Kf5 40. Rf8+ Ke4 41. Ng4 Rc3 42. Nf6+ Bxf6 43. gxf6 Rc7 44. f7 Kf5 45. Ke3 Kf6 46. Kd4 Rxf7 47. Rb8 Rc7 48. Rd8 Ke7 49. Rb8 Kf6 50. h4 h6 51. Rf8+ Kg7 52. Rb8 1-0


[Site "https://www.chess.com"]

[Event "Titled Tuesday Blitz February 15 Early 2022"]
[White "Jakubowska, Anna"]
[Black "Kurbonboeva, Sarvinoz"]
[WhiteFideId "1121952"]
[BlackFideId "14201780"]
[WhiteElo "1924"]
[BlackElo "2054"]
[Result "1-0"]
[Round "07"]
[TimeControl "180+1"]
[Date "2022.02.15"]
[WhiteClock "0:01:36"]
[BlackClock "0:01:24"]

1. e4 c5 2. Nc3 g6 3. g3 Bg7 4. Bg2 Nc6 5. d3 d6 6. Nh3 Nf6 7. O-O O-O 8. f4 Nd4 9. Nf2 Rb8 10. g4 b5 11. f5 h5 12. g5 Nh7 13. Nd5 e6 14. f6 exd5 15. fxg7 Kxg7 16. exd5 Nxg5 17. Kh1 Nh7 18. c3 Nf5 19. Ne4 Qh4 20. Qd2 Bd7 21. Rxf5 Bxf5 22. Qh6+ Kg8 23. Bg5 Qg4 24. Nf6+ 1-0


[Site "https://www.chess.com"]

[Event "Titled Tuesday Blitz February 15 Early 2022"]
[White "Jakubowski, Krzysztof"]
[Black "Jaracz, Pawel"]
[WhiteFideId "1112848"]
[BlackFideId "1102222"]
[WhiteElo "2578"]
[BlackElo "2797"]
[Result "1-0"]
[Round "07"]
[TimeControl "180+1"]
[Date "2022.02.15"]
[WhiteClock "0:00:01"]
[BlackClock "0:00:00"]

1. e4 e5 2. Nf3 Nc6 3. Bc4 Nf6 4. Ng5 d5 5. exd5 Na5 6. Bb5+ c6 7. dxc6 bxc6 8. Bd3 Nd5 9. h4 Be7 10. Nf3 Nf4 11. Bf1 e4 12. d4 Nd5 13. Ng5 O-O 14. a3 f5 15. b4 Nb7 16. c4 Nf6 17. Nc3 a5 18. b5 c5 19. d5 Bd6 20. g3 Be5 21. Qc2 h6 22. Nh3 Ng4 23. Be2 Qf6 24. Bd2 e3 25. fxe3 Bxg3+ 26. Kd1 Nd6 27. Rb1 f4 28. Rf1 Nh2 29. Rxf4 Bxf4 30. Nxf4 Bf5 31. Bd3 Nf3 32. Bxf5 Nxf5 33. Qe4 N5xh4 34. Ne6 Nxd2 35. Kxd2 Qf2+ 36. Ne2 Nf3+ 37. Kd3 Ng5 38. Qe5 Rf6 39. b6 Nf3 40. Qe4 Ne1+ 41. Kd2 Nf3+ 42. Kd3 Rb8 43. Rb2 Ne1+ 44. Kc3 Ng2 45. Qg4 Qxe3+ 46. Kc2 Rf7 47. Nc3 Ne1+ 48. Kb3 Nd3 49. Re2 a4+ 50. Kxa4 Qc1 51. Kb5 Qxc3 52. Nxg7 Qb3+ 53. Kc6 1-0


[Site "https://www.chess.com"]